[Event "Swiss National League-A 2024"]
[Site "Luzern"]
[Date "2024.10.12"]
[Round "8.36"]
[White "Vernay, Clovis"]
[Black "Knoedler, Dieter"]
[Result "1-0"]
[ECO "E11"]
[WhiteElo "2485"]
[BlackElo "2265"]
[Annotator "TA"]
[PlyCount "77"]
[EventDate "2023.10.03"]
[EventType "team-tourn"]
[EventCountry "SUI"]
[SourceTitle "playchess.com"]
[Source "ChessBase"]
[SourceQuality "1"]
[TimeControl "40/8400+30:20/3000+30:900+30"]

1. d4 e6 2. c4 Nf6 3. Nf3 Bb4+ 4. Bd2 c5 5. Bxb4 cxb4 6. e3 b6 7. Be2 Bb7 8. O-O O-O 9. Ne5 {[%emt 0:01:55] White is slightly better.} d6 10. Bf3 Qc7 11. Bxb7 Qxb7 12. Nd3 Rc8 13. Qb3 a5 14. a3 bxa3 15. Nxa3 Nbd7 16. Nb5 Qb8 17. Rfc1 h6 18. Qa4 Nf8 19. Rab1 Rd8 20. b4 e5 21. bxa5 Rxa5 22. Qd1 Ra8 (22... Ng6 $14) 23. Nb4 $16 Qc8 {[%emt 0:02:52] Against Nc6} 24. Nc3 Ng6 25. Ncd5 {[%emt 0:12:14] Dodges Ne7} Nxd5 26. Nxd5 Qf5 27. Rb2 {[%emt 0:00:04] Inhibits Ra2.} (27. Rxb6 Ra2 28. Qe1 exd4 $14) (27. Nxb6 $6 Ra2 28. Qf3 Qxf3 29. gxf3 exd4 30. exd4 Nf4 $11) 27... Qg5 28. Rcb1 Ra3 29. dxe5 dxe5 30. Qf3 Rd6 ({Black should try} 30... Re8 $14) 31. Qg3 (31. Rxb6 $6 Nh4 32. Qg3 Rxb6 33. Nxb6 Rc3 $14) (31. g3 $16) 31... Qd8 (31... Qxg3 $11 {deserves consideration.} 32. hxg3 e4) 32. h3 $14 (32. Nxb6 $2 {leads to mate.} Rd1+ 33. Rxd1 Qxd1#) (32. Rxb6 $2 Rxb6 33. Nxb6 Qxb6 $19) 32... Ra6 33. e4 {[%emt 0:00:29][%cal Oc4c5] [#] aiming for c5!} Kh7 34. Qf3 Nh4 (34... Nf4 $1 $14) 35. Qxf7 Qg5 {[%emt 0:00:15] Prevents g3. Loses the game.} (35... Rg6 $16 {is a better defense.}) 36. g3 $1 $18 {[%emt 0:03:34] Active counter play!} (36. Nxb6 $2 Qxg2#) 36... b5 $2 {[%emt 0:01:44] [#]} (36... Qg6 37. Qxg6+ Rxg6) 37. cxb5 {[%emt 0:01:51] White is clearly winning.} Ra3 38. Rb3 Ra2 39. Re3 {[%emt 0:00:43] Weighted Error Value: White=0.13 (very precise) /Black=0.28 (precise) .  Loses game:     	---       	Black=1      Mistake:       	White=1     	Black=5      Inaccurate:     	White=2     	Black=3      OK:         	White=11    	Black=7      Strong:       	White=1     	---} 1-0

[Event "Swiss National League-A 2024"]
[Site "Luzern"]
[Date "2024.10.12"]
[Round "8.37"]
[White "Seitz, Patrick"]
[Black "Burri, Quentin"]
[Result "0-1"]
[ECO "B89"]
[WhiteElo "2151"]
[BlackElo "2418"]
[Annotator "RC"]
[PlyCount "112"]
[EventDate "2023.10.03"]
[EventType "team-tourn"]
[EventCountry "SUI"]
[SourceTitle "playchess.com"]
[Source "ChessBase"]
[SourceQuality "1"]
[TimeControl "40/8400+30:20/3000+30:900+30"]

1. e4 c5 2. Nf3 d6 3. d4 cxd4 4. Nxd4 Nf6 5. Nc3 Nc6 6. Bc4 e6 7. Be3 a6 8. Qe2 Be7 9. O-O-O Nxd4 10. Bxd4 b5 11. Bb3 O-O 12. g4 b4 13. Na4 Bd7 14. g5 Bb5 15. Qe1 Nd7 16. Qxb4 e5 17. Be3 d5 18. Qe1 d4 19. Bd2 Bxg5 20. Rg1 Bf6 21. Bb4 Re8 22. Nc5 Nxc5 23. Bxc5 Qc7 24. Ba3 Rac8 25. Qd2 a5 26. Rg2 Bc6 27. f3 a4 28. Bd5 Bxd5 29. exd5 Qd7 30. d6 Re6 31. Kb1 g6 32. Re2 Bg7 33. Qd3 Bf8 34. f4 Bxd6 35. Bxd6 Qxd6 36. fxe5 Rxe5 37. Rxe5 Qxe5 38. Qxd4 Qxh2 39. Qxa4 Qe2 40. c3 h5 41. Qc2 Qc4 42. Qd3 Qg4 43. Qd4 Qf5+ 44. Qd3 Qxd3+ 45. Rxd3 h4 46. Kc2 Kg7 47. a4 Rh8 48. Rd1 h3 49. Rh1 g5 50. Kd3 g4 51. Ke4 g3 52. Kf3 g2 53. Rc1 Rh6 54. Kg3 Rf6 55. Rg1 Rf1 56. Kh2 Kf6 0-1

[Event "Swiss National League-A 2024"]
[Site "Luzern"]
[Date "2024.10.12"]
[Round "8.38"]
[White "Toktomushev, Teimur"]
[Black "Marentini, Marcel"]
[Result "1-0"]
[ECO "E15"]
[WhiteElo "2246"]
[BlackElo "2143"]
[Annotator "RC"]
[PlyCount "63"]
[EventDate "2023.10.03"]
[EventType "team-tourn"]
[EventCountry "SUI"]
[SourceTitle "playchess.com"]
[Source "ChessBase"]
[SourceQuality "1"]
[TimeControl "40/8400+30:20/3000+30:900+30"]

1. d4 Nf6 2. c4 e6 3. Nf3 b6 4. g3 Ba6 5. Qc2 c5 6. d5 exd5 7. cxd5 d6 8. e4 Bxf1 9. Kxf1 Be7 10. Kg2 O-O 11. Nc3 Na6 12. Re1 Nc7 13. Bf4 b5 14. Rad1 b4 15. Nb1 Nd7 16. Nbd2 g5 17. Be3 g4 18. Ng1 Ne5 19. f4 gxf3+ 20. Ngxf3 Bf6 21. Bf4 Ng6 22. Bxd6 Qxd6 23. e5 Qxd5 24. Ne4 Qb7 25. Nxf6+ Kg7 26. Nh5+ Kg8 27. Qf5 Ne6 28. Rd7 Qc6 29. Red1 Rad8 30. R1d6 Qa8 31. Nf6+ Kg7 32. Qxe6 1-0

[Event "Swiss National League-A 2024"]
[Site "Luzern"]
[Date "2024.10.12"]
[Round "8.39"]
[White "Schmid, Michael"]
[Black "Colmenares, Aurelio"]
[Result "1/2-1/2"]
[ECO "A05"]
[WhiteElo "2149"]
[BlackElo "2331"]
[Annotator "RC"]
[PlyCount "59"]
[EventDate "2023.10.03"]
[EventType "team-tourn"]
[EventCountry "SUI"]
[SourceTitle "playchess.com"]
[Source "ChessBase"]
[SourceQuality "1"]
[TimeControl "40/8400+30:20/3000+30:900+30"]

1. Nf3 Nf6 2. g3 g6 3. Bg2 Bg7 4. d3 O-O 5. e4 d6 6. O-O Nc6 7. Nc3 Bd7 8. h3 Rb8 9. a4 a6 10. Be3 e6 11. Qd2 Re8 12. Bh6 Bh8 13. Ng5 b5 14. axb5 axb5 15. f4 Nd4 16. Rae1 Bc6 17. Nd1 b4 18. c3 bxc3 19. bxc3 Nb3 20. Qc2 Nd7 21. d4 d5 22. e5 Bg7 23. Bxg7 Kxg7 24. Ne3 Bb5 25. Rf2 Na5 26. g4 h6 27. Nf3 Nc4 28. f5 Nxe3 29. Rxe3 Ra8 30. Re1 1/2-1/2

[Event "Swiss National League-A 2024"]
[Site "Luzern"]
[Date "2024.10.12"]
[Round "8.40"]
[White "Gerber, Richard"]
[Black "Coellen, Eike"]
[Result "1-0"]
[ECO "D05"]
[WhiteElo "2244"]
[BlackElo "2020"]
[Annotator "RC"]
[PlyCount "73"]
[EventDate "2023.10.03"]
[EventType "team-tourn"]
[EventCountry "SUI"]
[SourceTitle "playchess.com"]
[Source "ChessBase"]
[SourceQuality "1"]
[TimeControl "40/8400+30:20/3000+30:900+30"]

1. d4 Nf6 2. Nf3 e6 3. e3 d5 4. Bd3 c5 5. b3 Qc7 6. Nbd2 Nc6 7. c4 cxd4 8. exd4 Be7 9. Bb2 O-O 10. O-O dxc4 11. bxc4 b6 12. Rc1 Rd8 13. Qe2 Bb7 14. Rfd1 Rac8 15. Nf1 Qf4 16. Bb1 Na5 17. Ne5 Bd6 18. Ne3 Bxe5 19. dxe5 Nd7 20. Rd4 Qg5 21. Rcd1 Nf8 22. h4 Qe7 23. Rd6 Qxh4 24. R1d4 Qe7 25. Qh5 Ng6 26. Ba3 Rxd6 27. exd6 Qf6 28. Bb2 Nc6 29. Ng4 Qd8 30. Rd3 f5 31. Rh3 Nf8 32. Nh6+ gxh6 33. Rg3+ Ng6 34. Rxg6+ hxg6 35. Qxg6+ Kf8 36. Bg7+ Kg8 37. Bxh6+ 1-0

[Event "Swiss National League-A 2024"]
[Site "Luzern"]
[Date "2024.10.13"]
[Round "9.1"]
[White "Bauer, Christian"]
[Black "Heimann, Andreas"]
[Result "1/2-1/2"]
[ECO "C48"]
[WhiteElo "2557"]
[BlackElo "2556"]
[Annotator "TA"]
[PlyCount "60"]
[EventDate "2023.10.03"]
[EventType "team-tourn"]
[EventCountry "SUI"]
[SourceTitle "playchess.com"]
[Source "ChessBase"]
[SourceQuality "1"]
[TimeControl "40/8400+30:20/3000+30:900+30"]

1. e4 e5 2. Nf3 Nc6 3. Nc3 Nf6 4. Bb5 Nd4 5. O-O Nxb5 6. Nxb5 c6 7. Nc3 d6 8. d4 Qc7 9. Bg5 Be7 10. h3 O-O 11. a4 h6 12. Bxf6 Bxf6 13. d5 Be7 14. Qd3 f5 15. Nd2 Kh8 16. a5 Bd7 17. a6 Rac8 18. axb7 Qxb7 19. b3 cxd5 20. Nxd5 Bg5 21. exf5 $2 {[%emt 0:10:03][%mdl 8192] [#]} (21. Ra5 $11) 21... Bc6 $2 ({Black should play} 21... Bxf5 $19 22. Ne4 Bxe4 23. Qxe4 Rf4 24. Rxa7 (24. Nxf4 $2 {perishes.} Qxe4 25. Ra4 Qxc2 $19) 24... Qxa7 25. Nxf4 Bxf4) 22. c4 Bxd5 {[%emt 0:00:38] The position is equal.} 23. cxd5 Bxd2 24. Qxd2 Rxf5 25. Qd3 Rff8 26. Rac1 Qb6 27. Rxc8 Rxc8 28. Qf5 Rc3 29. Qf8+ Kh7 30. Qf5+ Kh8 {[%emt 0:00:04] Weighted Error Value: White=0.31/Black=0.33.  Loses game:     	White=1     	---        Missed win:     	---       	Black=1      Inaccurate:     	---       	Black=1      OK:         	White=8     	Black=9} 1/2-1/2

[Event "Swiss National League-A 2024"]
[Site "Luzern"]
[Date "2024.10.13"]
[Round "9.2"]
[White "Ragger, Markus"]
[Black "Pelletier, Yannick"]
[Result "1/2-1/2"]
[ECO "D27"]
[WhiteElo "2584"]
[BlackElo "2528"]
[Annotator "TA"]
[PlyCount "126"]
[EventDate "2023.10.03"]
[EventType "team-tourn"]
[EventCountry "SUI"]
[SourceTitle "playchess.com"]
[Source "ChessBase"]
[SourceQuality "1"]
[TimeControl "40/8400+30:20/3000+30:900+30"]

1. d4 d5 2. c4 dxc4 3. Nf3 Nf6 4. e3 e6 5. Bxc4 c5 6. O-O a6 7. b3 Nc6 8. dxc5 Bxc5 9. Qxd8+ Kxd8 10. Bb2 Ke7 11. Be2 Bd7 12. Rc1 {[%emt 0:17:30] White is slightly better.} Bd6 13. Nbd2 b5 {[%emt 0:12:22] Prevents Nc4} 14. a4 Rab8 15. axb5 axb5 16. Nb1 Rb7 17. Nc3 Rhb8 18. Ng5 b4 19. Nce4 {[%emt 0:12:02] [#] Strongly threatening Nxd6.} Be5 20. Bxe5 Nxe5 21. f4 Nxe4 22. Nxe4 Nc6 23. Nc5 Ra7 24. Bf3 Rxa1 25. Rxa1 Rb6 26. Ra8 Rb5 27. Nd3 Na5 28. Ra7 f6 {[%emt 0:00:12] Inhibits Ne5.} (28... Nxb3 $2 29. Bc6 Kd6 30. Bxb5 (30. Bxd7 Ra5 $18) 30... Bxb5 31. Nxb4 $18) 29. Bd1 Rd5 30. Bc2 Nxb3 31. Nxb4 Rb5 32. Nd3 {[%emt 0:01:38] aiming for Bxb3.} Nc5 33. Nxc5 Rxc5 34. Bxh7 $11 {[%emt 0:01:08][%mdl 4096] Endgame. KRB-KRB} f5 35. Bg6 Rc1+ (35... Rc3 $1 $11) 36. Kf2 $14 {[%emt 0:00:01] White is more active.} Rc2+ 37. Kg3 $1 Rc3 38. Kf3 Kd6 39. Ra2 Bc6+ 40. Kf2 Be4 {[%emt 0:00:24] [#]} ({Better is} 40... Ke7 $14) 41. g4 $1 $16 Rc1 42. Ra6+ (42. h4 $142) 42... Ke7 43. Ra7+ Kd6 ({Don't play} 43... Kf6 44. Bh7 Rc2+ 45. Ke1) 44. Rxg7 ({Much worse is} 44. gxf5 Rc2+ 45. Kf1 (45. Kg3 exf5 46. Kh3 Re2 $11) 45... exf5 $11) (44. h3 $16) 44... Rc2+ $11 {[%emt 0:01:51] The position is equal.} 45. Ke1 Rc1+ 46. Kd2 Rc2+ 47. Kd1 Rxh2 48. g5 Rh1+ 49. Kd2 Rh2+ 50. Kc1 Rh1+ 51. Kd2 Rh2+ 52. Ke1 Rh1+ 53. Ke2 Rh2+ 54. Kf1 Rh1+ 55. Kf2 Rh2+ 56. Kg1 Re2 57. Be8 e5 58. Rg6+ Ke7 59. Bb5 Rxe3 60. fxe5 Rg3+ 61. Kf2 f4 62. Rf6 Rxg5 63. Rxf4 Rxe5 {[%emt 0:00:08] Weighted Error Value: White=0.05 (flawless) /Black=0.04 (flawless) .  Mistake:       	White=2     	Black=2      Inaccurate:     	White=1     	---        OK:         	White=18    	Black=36     Best:        	White=3     	Black=2      Strong:       	White=1     	---        Brilliant:      	White=1     	---} 1/2-1/2

[Event "Swiss National League-A 2024"]
[Site "Luzern"]
[Date "2024.10.13"]
[Round "9.3"]
[White "Petkidis, Anthony"]
[Black "Georgiadis, Ioannis"]
[Result "1/2-1/2"]
[ECO "C54"]
[WhiteElo "2433"]
[BlackElo "2484"]
[Annotator "TA"]
[PlyCount "63"]
[EventDate "2023.10.03"]
[EventType "team-tourn"]
[EventCountry "SUI"]
[SourceTitle "playchess.com"]
[Source "ChessBase"]
[SourceQuality "1"]
[TimeControl "40/8400+30:20/3000+30:900+30"]

1. e4 e5 2. Nf3 Nc6 3. Bc4 Nf6 4. d3 Bc5 5. c3 d6 6. O-O a5 7. Re1 Ba7 8. Na3 h6 {[%emt 0:02:09] The position is equal.} 9. Nc2 O-O 10. Be3 Bxe3 11. Nxe3 Re8 12. a4 Be6 13. Qb3 Bxc4 14. Nxc4 Qd7 15. Qb5 (15. Qxb7 $2 {loses.} Reb8 $19) 15... b6 16. h3 Ne7 17. Qxd7 Nxd7 18. d4 exd4 19. Nxd4 d5 20. exd5 Nxd5 21. Nb5 Kf8 22. Red1 N7f6 23. f3 Re7 24. Rd2 Rae8 25. g3 Re1+ 26. Rxe1 Rxe1+ 27. Kf2 Ra1 28. Ne3 Nxe3 29. Kxe3 Ne8 30. Rd7 Rxa4 31. Nxc7 Nxc7 32. Rxc7 {[%emt 0:00:31] A rather calm draw.   Weighted Error Value: White=0.06 (flawless) /Black=0.02 (flawless) .  OK:         	White=7     	Black=14     Best:        	White=1     	---} 1/2-1/2

[Event "Swiss National League-A 2024"]
[Site "Luzern"]
[Date "2024.10.13"]
[Round "9.4"]
[White "Demuth, Adrien"]
[Black "Brunner, Lucas"]
[Result "1-0"]
[ECO "E52"]
[WhiteElo "2514"]
[BlackElo "2413"]
[Annotator "TA"]
[PlyCount "53"]
[EventDate "2023.10.03"]
[EventType "team-tourn"]
[EventCountry "SUI"]
[SourceTitle "playchess.com"]
[Source "ChessBase"]
[SourceQuality "1"]
[TimeControl "40/8400+30:20/3000+30:900+30"]

1. d4 Nf6 2. c4 e6 3. Nc3 Bb4 4. e3 b6 5. Bd3 Bb7 6. Nf3 O-O 7. O-O d5 8. cxd5 exd5 9. a3 Bd6 10. b4 a6 11. Qb3 Ne4 12. a4 (12. Nxd5 $2 Bxd5 13. Qc2 f5 $19) 12... Nxc3 {[%emt 0:01:45] White has an edge.} 13. Qxc3 Qe7 14. Ba3 Nc6 15. b5 axb5 {[%emt 0:01:37] [#] Threatens to win with ...b4.} 16. Bxd6 (16. axb5 Bxa3 (16... Rxa3 17. Rxa3 Bxa3 18. bxc6 $17) (16... Nxd4 $2 17. Nxd4 Bxa3 18. Nf5 $18) 17. bxc6 Bc8 $11) 16... Qxd6 17. axb5 Na5 18. Rfc1 c6 19. bxc6 Bxc6 20. Ne5 ({Don't play} 20. Rxa5 $6 bxa5 21. Qxc6 Qxc6 22. Rxc6 Rfc8 23. Rxc8+ Rxc8 $11) 20... Bb7 21. Qc7 Qxc7 22. Rxc7 Rac8 23. Re7 {[%emt 0:14:34] White is much more active.} Rc3 24. Bf1 f6 (24... Bc8 $16 25. Ra7 g6) 25. Nd7 $1 $18 {[%emt 0:01:10][%csl LRb6,LRf8] aiming for Rxa5. White has a decisive advantage.} Rd8 26. Nxb6 Kf8 {[%emt 0:00:32] [#]} 27. Rd7 $1 {[%emt 0:01:11] Black did not feel at home in the position after the opening.   Weighted Error Value: White=0.01 (flawless) /Black=0.24 (precise) .  Mistake:       	---       	Black=1      Inaccurate:     	---       	Black=1      OK:         	White=11    	Black=4      Best:        	White=1     	---        Strong:       	White=1     	---} 1-0

[Event "Swiss National League-A 2024"]
[Site "Luzern"]
[Date "2024.10.13"]
[Round "9.5"]
[White "Fecker, Noah"]
[Black "Renet, Olivier"]
[Result "1/2-1/2"]
[ECO "C30"]
[WhiteElo "2338"]
[BlackElo "2417"]
[Annotator "TA"]
[PlyCount "60"]
[EventDate "2023.10.03"]
[EventType "team-tourn"]
[EventCountry "SUI"]
[SourceTitle "playchess.com"]
[Source "ChessBase"]
[SourceQuality "1"]
[TimeControl "40/8400+30:20/3000+30:900+30"]

1. e4 e5 2. Nc3 Bc5 3. Bc4 Nf6 4. d3 d6 5. f4 Nc6 6. Nf3 a6 7. fxe5 dxe5 8. Bg5 h6 9. Bh4 Qd6 10. Nd5 Nxd5 11. Bxd5 Ne7 12. Bb3 Be6 13. Qd2 O-O 14. Bf2 Bxb3 15. axb3 Bxf2+ 16. Qxf2 f5 17. O-O fxe4 18. dxe4 Nc6 19. c3 {[%emt 0:03:15] Prevents Nd4.} Qd3 20. Rfe1 Rad8 21. Qe2 Qxe2 22. Rxe2 a5 23. Ree1 Rf4 24. Rac1 Kf7 25. Rc2 Ke6 26. Rd2 (26. Kf2 {with more complications.} g5 27. Ke3 g4 28. Nh4) 26... Rxd2 27. Nxd2 b6 28. Rf1 Nb8 {[%emt 0:01:55] Black is slightly better.} 29. g3 Rxf1+ 30. Kxf1 Nd7 {[%emt 0:00:17] Weighted Error Value: White=0.08 (flawless) /Black=0.05 (flawless) .  Inaccurate:     	White=2     	Black=3      OK:         	White=4     	Black=10     Best:        	---       	Black=1} 1/2-1/2

[Event "Swiss National League-A 2024"]
[Site "Luzern"]
[Date "2024.10.13"]
[Round "9.6"]
[White "Brunner, Nicolas"]
[Black "Vogt, Lothar"]
[Result "1/2-1/2"]
[ECO "E74"]
[WhiteElo "2427"]
[BlackElo "2257"]
[Annotator "TA"]
[PlyCount "141"]
[EventDate "2023.10.03"]
[EventType "team-tourn"]
[EventCountry "SUI"]
[SourceTitle "playchess.com"]
[Source "ChessBase"]
[SourceQuality "1"]
[TimeControl "40/8400+30:20/3000+30:900+30"]

1. d4 Nf6 2. c4 g6 3. Nc3 Bg7 4. e4 d6 5. Be2 O-O 6. Be3 c5 7. d5 a6 8. a4 Qa5 9. Bd2 e6 10. Nf3 exd5 11. exd5 Bg4 12. O-O Qc7 13. h3 Bxf3 14. Bxf3 Nbd7 15. Qc2 Rfe8 (15... Ne8 $14) 16. g4 $16 {[%emt 0:08:00][%cal Bg2g4,Bg4g5][%mdl 32] En nu zou g5 winnen. EV=21.15. Goes to g5 (dbg)). E74: Konings-Indisch: Averbakh Variant: 6...c5.} Re7 {[%emt 0:04:06] Fout (0.5)} (16... h6 $14) 17. g5 {[%emt 0:07:30] OK} Ne8 {[%emt 0:02:35] OK} 18. Bg4 $146 {[%emt 0:06:40] Fout (0.7)} (18. Rae1 $16 Ne5 19. Be2) ({Predecessor:} 18. Rae1 Rxe1 19. Rxe1 Bd4 20. Kg2 Ng7 21. Bg4 f5 22. Bd1 Re8 23. Rxe8+ Nxe8 24. Ne2 {1-0 Schulenberg,H (2189)-Urpilainen,E (2153) MT-Esko sf03 email 2017 [4]}) 18... Be5 {[%emt 0:15:14] Zwart is zwak op de lichte velden. Fout (0.8)} (18... Bd4 $14) {Wit zou moeten proberen} 19. f4 {[%emt 0:05:11] Fout (0.5)} (19. Rae1) 19... Bd4+ {[%emt 0:00:16] Beste} 20. Kg2 {[%emt 0:00:21] Dreigt te winnen met Rfe1.} Ng7 {[%emt 0:10:34] [#] Fout (0.8)} (20... h5 $1 $14) 21. Rae1 $1 $36 {[%emt 0:12:32][%mdl 2048] Wit drukt behoorlijk. OK} Rae8 22. Rxe7 {[%emt 0:03:23] Beste (Gemakkelijk)} Rxe7 23. b3 {[%emt 0:01:16] Fout (1.1)} (23. f5 $18) 23... f5 24. Bf3 {[%emt 0:01:24] OK} Ne8 {[%emt 0:00:39] Fout (0.7)} (24... Be3) 25. Re1 {[%emt 0:12:03] Fout (0.6)} (25. h4) {Zwart zou moeten proberen} 25... Nf8 {[%emt 0:00:44] Fout (0.7)} (25... Rxe1 26. Bxe1 Qd8) 26. Qb1 {[%emt 0:03:22] Fout (0.5)} (26. Ne2) 26... Kf7 {[%emt 0:06:06] Fout (0.9)} (26... h6 $16) 27. h4 {[%emt 0:00:38][%cal Bh3h4,Bh4h5][%mdl 32] EV=15.91. Goes to h6 (dbg))} Ng7 {[%emt 0:01:13] Fout (0.8)} (27... Rxe1 $16 28. Qxe1 Qe7) 28. Qd3 Rxe1 {[%emt 0:05:48] OK} 29. Bxe1 Qe7 30. Bd2 {[%emt 0:00:29] OK} Ne8 {[%emt 0:00:17] Fout (0.6)} (30... Bxc3 $16 31. Qxc3 (31. Bxc3 Nd7 $18) 31... Nd7) 31. h5 $18 {[%emt 0:02:03] OK} b6 {[%emt 0:03:49] Beste} 32. Ne2 Bh8 33. a5 {[%emt 0:01:53] Beste (Gemakkelijk)} bxa5 {[%emt 0:04:32] OK} 34. Bxa5 Nd7 35. Kh3 Kg8 36. Bd2 Ng7 37. Ng3 {[%emt 0:01:41] OK} Qf7 38. Qe2 Qe8 39. Qd1 {[%emt 0:02:25] [#] h6 zou dodelijk zijn. OK} Qe7 40. Qb1 {[%emt 0:07:28] OK} Ne8 {[%emt 0:02:26] OK} 41. Qe1 {[%emt 0:09:57] Fout (1.3)} (41. Qa2 $18) 41... Kf7 {[%emt 0:01:57] Fout (1.3)} (41... Qxe1 $16 42. Bxe1 Bb2) 42. Kg2 {[%emt 0:04:33] Fout (1.3)} (42. Qc1 $18) 42... Bd4 {[%emt 0:01:09] is een betere verdediging. Fout (1.3)} (42... Qxe1 $16 43. Bxe1 Bb2) 43. Kf1 {[%emt 0:01:47] Onnauwkeurig} Ng7 {[%emt 0:02:23] Fout (0.9)} (43... Qxe1+ $16 44. Kxe1 Bb2) 44. Qxe7+ Kxe7 45. Ke2 {[%emt 0:00:24] Fout (0.9)} (45. h6 $18) 45... Nf8 {[%emt 0:02:14] was nodig. Fout (0.9)} (45... gxh5 $16 46. Nxh5 Nxh5 47. Bxh5 Nf8) 46. h6 {[%emt 0:02:50] OK} Ne8 {[%emt 0:00:09] OK} 47. Kd3 Bh8 {[%emt 0:02:26] was hoogst noodzakelijk. Fout (0.7)} (47... Kd7 48. Be1 Kc8) 48. Bd1 Nd7 49. Ba5 {[%emt 0:03:01] OK} Bb2 50. Ne2 {[%emt 0:00:34] OK} Nf8 51. Kc2 {[%emt 0:01:48] OK} Bh8 52. Kd2 Nd7 {[%emt 0:01:18] OK} 53. Nc3 Bd4 54. Na4 {[%emt 0:00:45] Onnauwkeurig} Bh8 {[%emt 0:01:05] gaat door met vechten. Fout (0.9)} (54... Kf8 55. Bd8 Kf7) 55. Kd3 {[%emt 0:00:39] OK} Nb8 {[%emt 0:08:20] pakt misschien beter uit. Fout (1.3)} (55... Ba1 56. Bf3 Bh8) 56. b4 {[%emt 0:01:00] OK} cxb4 {[%emt 0:00:27] OK} 57. Bxb4 {[%emt 0:00:02] en Wit blijft duidelijk aan de top. Fout (1.4)} (57. Nb6 $18) 57... Nd7 $16 {[%emt 0:03:56] Beste} {Beter is} 58. c5 {[%emt 0:01:30] Fout (0.8)} (58. Ba3 $18) 58... dxc5 {[%emt 0:01:57] OK} 59. Nxc5 Nxc5+ 60. Bxc5+ {[%emt 0:00:04][%mdl 4096] Eindspel. KBB-KBN} Nd6 {[%emt 0:00:19] Beste} 61. Ba4 {[%emt 0:18:29] OK} Bb2 {[%emt 0:16:56] Voorkomt Ba3. Beste} 62. Kc2 {[%emt 0:00:22] Afleidend Bc1. Wit is actiever.} Ba1 63. Kb3 Bh8 $1 {[%emt 0:02:21] Sterk} 64. Bc6 {[%emt 0:05:46] OK} Ba1 {[%emt 0:01:49] Beste (Gemakkelijk)} {Wit moet overwegen} 65. Bb7 {[%emt 0:11:47] Fout (0.5)} (65. Kc2 $14) 65... Bd4 $1 $11 {[%emt 0:00:00] Sterk. De stelling is in evenwicht.} 66. Bxd4 {[%emt 0:00:28] Beste (Gemakkelijk)} Nxb7 {[%emt 0:00:00] Beste (Gemakkelijk)} 67. Kc4 Na5+ 68. Kb4 {[%emt 0:00:07] Wit dreigt Bc5+ en mat. OK} Nb7 {[%emt 0:00:00] met als doel voor ...Kd6. Beste (Gemakkelijk)} 69. Kc4 Na5+ {[%emt 0:00:00] OK} 70. Kb4 {[%emt 0:00:21] Dreigt mat met Bc5+.} Nb7 {[%emt 0:00:00] Sterke dreiging met ...Kd6.} 71. Kc4 {[%emt 0:02:34] Zwart kan nog net een remise eruit slepen.   Blunder waarde: Wit=0.33/Zwart=0.38.  Fout:        	Wit=11     	Zwart=15     Onnauwkeurig:    	Wit=2      	---        OK:         	Wit=17     	Zwart=9      Beste:        	Wit=3      	Zwart=8      Sterk:        	---       	Zwart=2} 1/2-1/2

[Event "Swiss National League-A 2024"]
[Site "Luzern"]
[Date "2024.10.13"]
[Round "9.7"]
[White "Fischer, Daniel"]
[Black "Haag, Gregor"]
[Result "1/2-1/2"]
[ECO "B52"]
[WhiteElo "2362"]
[BlackElo "2335"]
[Annotator "RC"]
[PlyCount "63"]
[EventDate "2023.10.03"]
[EventType "team-tourn"]
[EventCountry "SUI"]
[SourceTitle "playchess.com"]
[Source "ChessBase"]
[SourceQuality "1"]
[TimeControl "40/8400+30:20/3000+30:900+30"]

1. e4 c5 2. Nf3 d6 3. Bb5+ Bd7 4. Bxd7+ Nxd7 5. O-O Ngf6 6. Qe2 e6 7. b3 Be7 8. Bb2 Qc7 9. c4 Ne5 10. d4 Nxf3+ 11. Qxf3 cxd4 12. Bxd4 Qc6 13. Nc3 O-O 14. Rac1 a6 15. Rfd1 Rac8 16. h3 Rfd8 17. Qe3 Nd7 18. a4 Bf6 19. Bxf6 Nxf6 20. Qd4 Qc5 21. Rd3 Qxd4 22. Rxd4 Kf8 23. Rcd1 Ke7 24. f3 g5 25. Kf2 h5 26. R4d3 h4 27. Ne2 Nh5 28. R1d2 Rc5 29. Rd1 Rcc8 30. R1d2 Rc5 31. Rd1 Rcc8 32. R1d2 1/2-1/2